 Dungeon Crawl Stone Soup version 0.17.2-1-ge4368a0 (webtiles) character file.

327 magog001 the Covert (level 6, -4/46 HPs)
             Began as a Vampire Assassin on Oct 20, 2016.
             Slain by a gnoll (7 damage)
             ... on level 3 of the Dungeon.
             The game lasted 00:29:26 (4732 turns).

magog001 the Covert (Vampire Assassin)              Turns: 4732, Time: 00:29:27

Health: -4/46      AC:  3    Str: 11    XL:     6   Next: 24%
Magic:  6/6        EV: 13    Int: 14    God:
Gold:   164        SH:  0    Dex: 16    Spells: 0 memorised, 5 levels left

rFire  . . .     SeeInvis +     x - +2 rapier (speed)
rCold  . . .     Clarity  .     c - +0 robe
rNeg   + . .     SustAt   .     (no shield)
rPois  .         Gourm    .     (no helmet)
rElec  .         Spirit   .     d - +0 cloak
rCorr  .         Warding  .     (no gloves)
rMut   .         Stasis   .     (no boots)
MR     .....                    (no amulet)
Stlth  ++++......               (no ring)
                                (no ring)

@: not resistant to hostile enchantments, stealthy
A: fangs 3, see invisible, unbreathing
a: Bat Form


You were on level 3 of the Dungeon.
You were not thirsty.

You visited 1 branch of the dungeon, and saw 4 of its levels.

You collected 164 gold pieces.

Inventory:

Hand Weapons
 b - a +0 blowgun
 e - a +0 hunting sling
 k - a +0 hunting sling
 m - a +2 dagger of protection
 x - a +2 rapier of speed (weapon)
Missiles
 j - 12 arrows
 l - 97 stones
 v - 2 tomahawks of returning (quivered)
Armour
 c - a +0 robe (worn)
 d - a +0 cloak (worn)
Jewellery
 y - a +3 ring of protection {unknown}
Scrolls
 a - a scroll of random uselessness {unknown}
 p - a scroll of amnesia {unknown}
 q - 2 scrolls of teleportation {unknown}
 r - a scroll of noise {unknown}
 s - a scroll of enchant armour {unknown}
 t - 4 scrolls of identify {unknown}
 u - 2 scrolls of fog {unknown}
 w - 2 scrolls of fear {unknown}
Potions
 g - 10 potions of blood
 h - 2 potions of curing {unknown}
 i - 2 potions of heal wounds {unknown}
 n - a potion of poison {unknown}
 z - a potion of magic
 A - a potion of lignification {unknown}


   Skills:
 * Level 2.8 Fighting
 * Level 2.8 Short Blades
 * Level 3.3 Throwing
 + Level 2.2 Dodging
 * Level 8.3 Stealth


You had 5 spell levels left.
You didn't know any spells.

Dungeon Overview and Level Annotations

Branches:
Dungeon (4/15)
 Temple: D:4-7

Altars:
Okawaru
Trog


Innate Abilities, Weirdness & Mutations

You have razor-sharp teeth.
You have supernaturally acute eyesight.
You can survive without breathing.


Message History

The gnoll barely misses you.
There is a stone staircase leading up here.
The gnoll barely misses you. The gnoll shaman completely misses you.
You climb upwards.
There is a stone staircase leading down, spattered with blood here.
You see here a whip.
Drink which item? (? for menu, Esc to quit)
It was a potion of magic.
Magic courses through your body. The gnoll completely misses you.
The gnoll shaman hits you with a whip.
* * * LOW HITPOINT WARNING * * *
You hit the gnoll shaman but do no damage.
You bite the gnoll shaman, but do no damage.
The gnoll shaman is almost dead.
The gnoll barely misses you. The gnoll shaman barely misses you.
You completely miss the gnoll shaman.
The gnoll shaman is almost dead.
You puncture the gnoll shaman!
You kill the gnoll shaman!
The gnoll hits you!
You die...

## ### ### .#
#.########.# .#
#.....)....# .#
#(########.# .#
#.# #.# .# #.# #<#
.# #.# #g# .# #.#
#@# .######.# #)#
....)>..# #.#
.####.##########.#
..............##.#
.........####.##.#
.........#..#.##.#
............#.##>#
............#....#


You could see a gnoll.

Vanquished Creatures
  An ogre (D:3)
  A gnoll shaman (D:3)
  A hound skeleton (D:4)
  6 adders
  6 gnolls
  3 worms
  A giant gecko (D:2)
  14 orcs
  3 giant cockroaches (D:2)
  3 goblins
  5 hobgoblins
  8 jackals (D:2)
  3 kobolds (D:2)
  2 ball pythons
  6 bats
  4 giant newts
  2 quokkas (D:2)
  8 rats
77 creatures vanquished.

Notes
Turn   | Place    | Note
--------------------------------------------------------------
     0 | D:1      | magog001 the Vampire Assassin began the quest for the Orb.
     0 | D:1      | Reached XP level 1. HP: 16/16 MP: 1/1
   127 | D:1      | Reached skill level 6 in Stealth
  1077 | D:2      | Reached XP level 2. HP: 20/22 MP: 2/2
  1417 | D:2      | Reached XP level 3. HP: 27/27 MP: 3/3
  1855 | D:2      | Found a bloodstained altar of Trog.
  2377 | D:2      | Reached XP level 4. HP: 26/33 MP: 4/4
  2456 | D:2      | Reached skill level 7 in Stealth
  2480 | D:2      | Found an iron altar of Okawaru.
  2872 | D:3      | Found a faded altar to an unknown god.
  4086 | D:4      | Reached XP level 5. HP: 39/39 MP: 5/5
  4100 | D:4      | Noticed a phantom
  4188 | D:4      | Noticed an ogre
  4211 | D:3      | Killed an ogre
  4211 | D:3      | Reached skill level 8 in Stealth
  4529 | D:4      | Reached XP level 6. HP: 46/46 MP: 6/6
  4732 | D:3      | Slain by a gnoll

Action                   |  1- 3 |  4- 6 || total
-------------------------+-------+-------++-------
Melee: Dagger            |    41 |    56 ||    97
       Rapier            |       |    65 ||    65
 Fire: Blowgun           |    51 |    32 ||    83
Throw: Stone             |     1 |       ||     1
  Use: Potion            |     4 |     8 ||    12
 Stab: Sleeping          |    19 |    15 ||    34
       Distracted        |     1 |       ||     1
